 Dungeon Crawl Stone Soup version 0.29.1-15-g9cfb28693d (webtiles) character file.

Game seed: 7468165648026256172

151 javelincjr the Magician (level 5, 0/38 HPs)
             Began as a Demonspawn Hedge Wizard on Mar 31, 2023.
             Was an Initiate of Sif Muna.
             Killed by divine providence
             ... invoked by an orc priest
              (11 damage)
             ... on level 4 of the Dungeon.
             The game lasted 00:08:11 (3460 turns).

javelincjr the Magician (Demonspawn Hedge Wizard)   Turns: 3460, Time: 00:08:11

Health: 0/38       AC:  5    Str: 22    XL:     5   Next: 11%
Magic:  10/10      EV: 12    Int: 15    God:    Sif Muna [......]
Gold:   167        SH:  0    Dex: 12    Spells: 6/11 levels left

rFire   + . .      SeeInvis .   D - +2 whip (distort)
rCold   x . .      Faith    .   (no shield)
rNeg    . . .      Spirit   .   b - +0 robe
rPois   .          Reflect  .   c - +0 hat
rElec   .          Harm     .   (no cloak)
rCorr   .          Rampage  .   i - +2 pair of gloves {Str+3}
Will    .....                   (no boots)
Stlth   ++........              (no amulet)
HPRegen 0.12/turn               y - ring of fire
MPRegen 0.12/turn               B - +6 ring of strength

@: no status effects
A: foul stench 1, demonic touch 1
a: Renounce Religion


You were on level 4 of the Dungeon.
You worshipped Sif Muna.
Sif Muna was noncommittal.
You visited 1 branch of the dungeon, and saw 4 of its levels.

You collected 167 gold pieces.

Inventory:

Hand Weapons
 a - a +0 dagger
 g - a +1 vorpal mace
 D - a +2 whip of distortion (weapon)
Missiles
 f - 17 poisoned darts
Armour
 b - a +0 robe (worn)
 c - a +0 hat (worn)
 i - a +2 pair of gloves of strength (worn)
Jewellery
 y - a ring of fire (left hand)
 B - a +6 ring of strength (right hand)
 C - a ring of fire
Scrolls
 e - a scroll of enchant armour {unknown}
 h - 3 scrolls of vulnerability {unknown}
 j - a scroll of fear {unknown}
 k - 2 scrolls of immolation {unknown}
 o - 3 scrolls of teleportation {unknown}
 q - 2 scrolls of identify {unknown}
 s - 2 scrolls of amnesia {unknown}
 t - 2 scrolls of poison {unknown}
 v - 2 scrolls of enchant weapon {unknown}
 z - a scroll of blinking {unknown}
Potions
 d - 2 potions of magic
 l - 2 potions of curing {unknown}
 m - 3 potions of mutation {unknown}
 n - 2 potions of ambrosia {unknown}
 p - 5 potions of degeneration {unknown}
 r - 2 potions of brilliance {unknown}
 u - a potion of flight {unknown}
 w - a potion of resistance {unknown}
 x - a potion of cancellation {unknown}
 A - a potion of invisibility {unknown}


   Skills:
 * Level 1.9 Fighting
 + Level 1.0 Armour
 + Level 2.3 Dodging
 - Level 1.7 Stealth
 * Level 3.8 Spellcasting
 + Level 1.7 Conjurations
 + Level 1.7 Summonings
 + Level 1.5 Translocations


You had 6 spell levels left.
You knew the following spells:

 Your Spells              Type           Power      Damage    Failure   Level
a - Magic Dart            Conj           32%        1d4       9%          1
b - Call Imp              Summ           8%         N/A       14%         2
c - Blink                 Tloc           14%        N/A       14%         2

Your spell library contained the following spells:

 Spells                   Type           Power      Damage    Failure   Level
 Summon Small Mammal      Summ           32%        N/A       9%          1
 Apportation              Tloc           14%        N/A       10%         1
 Necrotise                Necr           8%         1d4       19%         1
 Slow                     Hex            8%         N/A       19%         1
 Conjure Flame            Conj/Fire      8%         6-21      36%         3
 Mephitic Cloud           Conj/Pois/Air  4%         N/A       41%         3


Dungeon Overview and Level Annotations

Branches:
Dungeon (4/15)
 Temple: D:4-7

Altars:
Ashenzari
Gozag
Hepliaklqana
Sif Muna

Shops:
D:1 !

Annotations:
D:4 Sigmund


Innate Abilities, Weirdness & Mutations

You may rarely emit foul miasma when damaged in melee.
Your touch may inflict minor irresistible damage on your foes.


Message History

The orc wizard flickers and vanishes!
Deactivating autopickup; reactivate with Ctrl-A.
A hobgoblin comes into view.
An orc priest comes into view. It is wielding a +0 club.
Sigmund barely misses you.
An orc priest comes into view. It is wielding a +0 whip.
A magic dart appears from out of thin air!
The magic dart hits you.
You barely miss Sigmund.
The hobgoblin shouts!
The orc priest shouts!
Your touch misses Sigmund.
Sigmund is severely wounded.
Sigmund barely misses you.
You barely miss Sigmund.
Sigmund is severely wounded.
The orc priest looks encouraged for a moment.
An orc comes into view. It is wielding a +1 vampiric falchion.
An endoplasm comes into view.
You closely miss Sigmund.
Sigmund is severely wounded.
Sigmund hits you with a +0 scythe!
Your crimson imp blinks!
You hit Sigmund but do no damage.
Sigmund is severely wounded.
Sigmund blinks!
You closely miss the orc wizard.
You touch the orc wizard!
The orc wizard is severely wounded.
The orc wizard closely misses you.
You swap places.
Your crimson imp hits the orc wizard.
Something hits your crimson imp.
Your crimson imp closely misses something.
Sigmund points at you and mumbles some strange words.
The magic dart hits you but does no damage.
Something hits your crimson imp.
The orc priest looks braver for a moment.
Sigmund hits you from afar with a +0 scythe!
* * * LOW HITPOINT WARNING * * *
The orc priest calls down the wrath of Beogh upon you.
Beogh smites you!
You die...

#.##.#.#.#.##...#### #.#
#.##.#.............#####.###
#. #.###..#.....#...........
). #........#..##..#####.##.
#.####.#....##..# #.##.
#...........##..# #.##.
#.####..........# #[##.
#.#..#.##..#####.##.
#.#@##.##......#.##. #
#@##.##.........#.
#.#o##5##.####.#..#<
#...g#{##...........
.#ooo#######...(##
......g### #######....
....#.## #.......##. .....[
..#####.##< . .## #.##.


You could see Sigmund, 2 orc priests and 2 hobgoblins.

Vanquished Creatures
  Terence (D:2)
  3 gnolls (D:2)
  2 adders (D:3)
  A worm (D:4)
  2 dart slugs
  An orc (D:3)
  6 endoplasms
  12 giant cockroaches
  6 hobgoblins
  4 kobolds
  3 quokkas (D:2)
  7 ball pythons
  7 bats
  5 goblins
  4 rats
64 creatures vanquished.

Notes
Turn   | Place    | Note
-------+----------+-------------------------------------------
     0 | D:1      | javelincjr the Demonspawn Hedge Wizard began the quest for
                  | the Orb.
     0 | D:1      | Reached XP level 1. HP: 13/13 MP: 4/4
   209 | D:1      | Reached skill level 1 in Translocations
   410 | D:1      | Gained mutation: Your touch may inflict minor irresistible
                  | damage on your foes. [demonic ancestry]
   410 | D:1      | Reached XP level 2. HP: 20/20 MP: 6/6
   545 | D:1      | Found Rusin's Distillery.
   866 | D:1      | Found a broken altar of Ashenzari.
   916 | D:2      | Reached skill level 1 in Fighting
   928 | D:2      | Reached XP level 3. HP: 25/26 MP: 0/7
  1266 | D:2      | Gained mutation: You may rarely emit foul miasma when
                  | damaged in melee. [demonic ancestry]
  1266 | D:2      | Reached XP level 4. HP: 6/32 MP: 3/9
  1758 | D:2      | Found a faded altar of an unknown god.
  2073 | D:2      | Noticed Terence
  2078 | D:2      | Learned a level 2 spell: Call Imp
  2081 | D:2      | Learned a level 2 spell: Blink
  2091 | D:2      | Killed Terence
  2092 | D:2      | Reached skill level 1 in Armour
  2764 | D:3      | Reached XP level 5. HP: 30/38 MP: 10/10
  2995 | D:3      | Found a shimmering blue altar of Sif Muna.
  3004 | D:3      | Became a worshipper of Sif Muna the Loreminder
  3161 | D:3      | Found an opulent altar of Gozag.
  3161 | D:3      | Found a hazy altar of Hepliaklqana.
  3437 | D:4      | Noticed Sigmund
  3460 | D:4      | Killed from afar by an orc priest

Illustrated notes

Levels and vault maps discovered:
D:1:      dpeg_arrival_lava_altar, layout_basic, serial_shops, shop_statue
D:2:      minmay_roachtagon, layout_basic, chequers_ecumenical_altar_simple,
          mrwooster_statue_mirror, uniq_terence
D:3:      layout_basic, kennysheep_orc_sif_temple,
          nicolae_overflow_two_pavilions
D:4:      minmay_chambers_of_fours, layout_loops_ring, uniq_sigmund

Skill      XL: |  1  2  3  4 |
---------------+-------------+-----
Translocations | 1 |  1.5
Fighting       | 1 |  1.9
Dodging        | 2 |  2.3
Armour         | 1 |  1.0
Stealth        | |  1.7
Spellcasting   | |  3.8
Conjurations   | |  1.7
Summonings     | |  1.7

Action                   |  1- 3 |  4- 6 || total
-------------------------+-------+-------++-------
Melee: Mace              |    46 |    58 ||   104
       Touch             |     7 |     5 ||    12
       Whip              |       |    10 ||    10
 Cast: Magic Dart        |    43 |    13 ||    56
       Call Imp          |       |     2 ||     2
  Use: Potion            |     1 |       ||     1
 Stab: Sleeping          |     1 |     6 ||     7
Armor: Robe              |    10 |    25 ||    35
Dodge: Dodged            |    36 |    60 ||    96
